 Dungeon Crawl Stone Soup version 0.20-a0-795-ga03948b (webtiles) character file.

201 Alarkh the Digger (level 5, -1/36 HPs)
             Began as a Demonspawn Earth Elementalist on Mar 1, 2017.
             Slain by an orc
             ... wielding a +0 mace
              (5 damage)
             ... on level 3 of the Dungeon.
             The game lasted 00:03:45 (4612 turns).

Alarkh the Digger (Demonspawn Earth Elementalist)   Turns: 4612, Time: 00:03:46

Health: -1/36      AC:  2    Str:  8    XL:     5   Next: 50%
Magic:  1/10       EV: 12    Int: 17    God:
Gold:   168        SH:  0    Dex: 14    Spells: 5/11 levels left

rFire    . . .     SeeInvis .   f - -1 dagger (curse)
rCold    . . .     Gourm    .   c - +0 robe
rNeg     . . .     Faith    .   (no shield)
rPois    .         Spirit   .   (no helmet)
rElec    .         Reflect  .   (no cloak)
rCorr    .         Harm     .   (no gloves)
MR       .....                  (no boots)
Stlth    ++........             (no amulet)
Regen    0.2/turn               (no ring)
MPRegen  0.2/turn               (no ring)

@: no status effects
A: claws 1, powered by pain 2
a: no special abilities


You were on level 3 of the Dungeon.
You were not hungry.

You visited 1 branch of the dungeon, and saw 3 of its levels.

You collected 168 gold pieces.

Inventory:

Hand Weapons
 a - a +0 short sword
 f - a cursed -1 dagger (weapon)
Missiles
 q - 2 stones (quivered)
Armour
 c - a +0 robe (worn)
Scrolls
 b - a scroll of teleportation {unknown}
 g - a scroll of amnesia {unknown}
 h - a scroll of remove curse {unknown}
 i - a scroll of magic mapping {unknown}
 j - a scroll of identify {unknown}
Potions
 k - 2 potions of agility {unknown}
 n - a potion of mutation {unknown}
 o - a potion of resistance {unknown}
Books
 e - a book of Geomancy

   Spells                             Type                      Level
   a - Sandblast                      Earth                        1
   b - Passwall                       Transmutation/Earth          2
   c - Stone Arrow                    Conjuration/Earth            3
   d - Petrify                        Transmutation/Earth          4
   e - Lee's Rapid Deconstruction     Earth                        5
Comestibles
 d - 2 bread rations
 m - 3 fruits


   Skills:
 + Level 0.4 Fighting
 + Level 1.8 Dodging
 - Level 1.7 Stealth
 * Level 0.8 Unarmed Combat
 + Level 3.8 Spellcasting
 - Level 0.8 Transmutations
 + Level 4.3 Earth Magic


You had 5 spell levels left.
You knew the following spells:

 Your Spells              Type           Power        Failure   Level  Hunger
a - Stone Arrow           Conj/Erth      ##....       21%         3    ###....
b - Passwall              Tmut/Erth      ##........   10%         2    ##.....
e - Sandblast             Erth           ###...       2%          1    None


Dungeon Overview and Level Annotations

Branches:
Dungeon (3/15)

Altars:
Gozag
Trog
The Shining One

Annotations:
D:3 1 runed door


Innate Abilities, Weirdness & Mutations

You have sharp fingernails.
You sometimes gain power by taking damage.


Message History

Aim: an orc, wielding a short sword of speed The stone arrow hits the orc.
You kill the orc!
The orc priest closely misses you.
Casting: Stone Arrow
Confirm with . or Enter, or press ? or * to list all spells.
Aiming: Stone Arrow
Press: ? - help, Shift-Dir - straight line, f - orc priest
Aim: an orc priest The stone arrow hits the orc priest.
The orc priest is almost dead.
The orc priest calls down the wrath of Beogh upon you.
Pain shoots through your body!
* * * LOW HITPOINT WARNING * * *
You hit the orc priest.
You kill the orc priest!
You closely miss the orc. The orc hits you with a mace.
* * * LOW HITPOINT WARNING * * *
You barely miss the orc. The orc hits you with a mace.
You die...

#.#.#.##......#
#####..#..##.####.##
#....)###..........#
#.###..#..##.#####.#
#.###.#.#.##.#
#.####
..........##.#
#....#
#.##.#######.#
#.##.# ..##.#
###.#####.##.#
...#.#
.....oo@..##.#
#..#.#
......####...#
##...# ..... #.###
###..# .... #.# .
#..# ... #.. ###..#
.. .. #.. ##..## .
... ##.. #...#
###.##### #. ..#.#
##........# .#


You could see 2 orcs.

Vanquished Creatures
  2 orc priests (D:3)
  7 adders
  A worm (D:2)
  A dart slug (D:3)
  4 leopard geckos (D:2)
  7 orcs (D:3)
  9 bats
  8 goblins
  8 hobgoblins
  A quokka (D:3)
  A ball python (D:3)
  4 frilled lizards
  8 kobolds
  A leopard gecko skeleton (D:3)
  7 rats
69 creatures vanquished.

Notes
Turn   | Place    | Note
-------+----------+-------------------------------------------
     0 | D:1      | Alarkh the Demonspawn Earth Elementalist began the quest for the Orb.
     0 | D:1      | Reached XP level 1. HP: 13/13 MP: 3/3
   639 | D:1      | Reached skill level 3 in Earth Magic
   710 | D:1      | Gained mutation: You sometimes gain a little power by taking damage. [demonic ancestry]
   710 | D:1      | Reached XP level 2. HP: 12/19 MP: 1/5
  1844 | D:2      | Found a bloodstained altar of Trog.
  1863 | D:2      | Gained mutation: You sometimes gain power by taking damage. [demonic ancestry]
  1863 | D:2      | Reached XP level 3. HP: 24/24 MP: 4/7
  2326 | D:2      | Learned a level 2 spell: Passwall
  2330 | D:2      | Learned a level 3 spell: Stone Arrow
  2510 | D:2      | Gained mutation: You have sharp fingernails. [demonic ancestry]
  2510 | D:2      | Reached XP level 4. HP: 14/30 MP: 5/8
  2903 | D:2      | Found an opulent altar of Gozag.
  3726 | D:3      | Reached skill level 4 in Earth Magic
  3726 | D:3      | Reached XP level 5. HP: 7/35 MP: 1/10
  4143 | D:3      | Found a glowing golden altar of the Shining One.
  4143 | D:3      | Noticed an angel
  4144 | D:3      | Found a runed door.
  4612 | D:3      | Slain by an orc

Vault maps used:
D:1:      ncdulo_smallfort
D:2:      nicolae_gozag_seed_capital, lemuel_doored_altar
D:3:      lemuel_angel_altar

Skill      XL: |  1  2  3  4 |
---------------+-------------+-----
Earth Magic    | 3 4 |  4.3
Spellcasting   | 3 |  3.8
Fighting       | |  0.4
Dodging        | |  1.8
Stealth        | |  1.7
Unarmed Combat | |  0.8
Transmutations | |  0.8

Action                   |  1- 3 |  4- 6 || total
-------------------------+-------+-------++-------
Melee: Short sword       |    53 |       ||    53
       Dagger            |    74 |   107 ||   181
 Cast: Sandblast         |    25 |    24 ||    49
       Stone Arrow       |       |    15 ||    15
  Use: Potion            |       |     2 ||     2
 Stab: Sleeping          |     4 |       ||     4
       Distracted        |     1 |       ||     1
  Eat: Chunk             |     5 |     2 ||     7
       Fruit             |       |     2 ||     2
       Meat ration       |       |     1 ||     1
       Royal jelly       |       |     1 ||     1
Armor: Robe              |    21 |    25 ||    46
Dodge: Dodged            |    86 |    88 ||   174
